AoeStats
← Don Donald

Arena

509425963Analyzed
1v1 RM · 7d ago on Sep 26, 2026· 64m 24s· 2 players
Game mode
Random Map
Map size
Tiny (2 player)
Population
200
Speed
Normal
Resources
Standard
Victory
Conquest
Starting age
Dark Age
Ending age
Imperial Age
RankedLock teamsTeams togetherTeam positionsShared explorationLock speedFull tech treeHidden civsTurbo modeCheats
Victory
Defeat
🇬🇧 Slavs · United Kingdom
831
+16
🇦🇷 Byzantines · Argentina
836
-38
Don Donald
1:40 Loom
2:16 Loom
11:42 Feudal Age
12:22 Double-Bit Axe
12:21 Horse Collar
13:42 Wheelbarrow
17:34 Castle Age
18:58 Bow Saw
19:41 Heavy Plow
20:03 Stone Mining
25:11 Gold Mining
29:19 Imperial Age
27:25 Pikeman
28:05 Squires
28:33 Detinets
29:12 Hand Cart
28:43 Town Watch
29:45 Gold Shaft Mining
31:16 Crop Rotation
31:16 Town Patrol
33:04 Two-Man Saw
33:42 Halberdier
35:32 Conscription
35:25 Forging
35:05 Fletching
35:16 Scale Mail Armor
34:39 Onager
36:10 Siege Onager
38:33 Iron Casting
37:53 Bodkin Arrow
38:15 Chain Mail Armor
38:49 Ballistics
39:29 Chemistry
38:33 Druzhina
40:41 Blast Furnace
41:13 Bloodlines
41:03 Husbandry
41:26 Masonry
41:21 Siege Engineers
41:12 Murder Holes
41:27 Fortified Wall
41:51 Plate Mail Armor
41:27 Scale Barding Armor
42:00 Hoardings
42:43 Man-at-Arms
47:25 Long Swordsman
48:58 Elite Boyar
50:18 Chain Barding Armor
49:34 Two-Handed Swordsman
50:21 Champion
51:52 Plate Barding Armor
erenyager958187
10:49 Feudal Age
9:05 Loom
11:53 Double-Bit Axe
11:55 Horse Collar
18:33 Castle Age
17:35 Stone Mining
19:36 Gold Mining
22:08 Crossbowman
24:12 Fletching
24:24 Padded Archer Armor
25:43 Pikeman
27:12 Heavy Plow
30:13 Bodkin Arrow
30:35 Leather Archer Armor
30:33 Forging
30:25 Scale Mail Armor
32:20 Gold Shaft Mining
34:11 Bodkin Arrow
34:32 Leather Archer Armor
39:43 Stone Shaft Mining
42:05 Imperial Age
40:57 Bow Saw
40:59 Scale Barding Armor
41:07 Forging
40:58 Scale Mail Armor
43:52 Elite Cataphract
44:05 Arbalester
45:53 Chemistry
47:33 Crop Rotation
47:22 Logistica
47:37 Chain Barding Armor
47:40 Bracer
48:17 Iron Casting
50:23 Halberdier
Connection lost

Rejoining the realm…

Still unreachable

The connection could not be restored.

Session expired

The server has moved on; the page needs a fresh start.